 Dungeon Crawl Stone Soup version 0.32-a0-953-g508020473e (webtiles) character file.

Game seed: 8283997417738707007

6850 Autsider the Covert (level 11, -2/52 HPs)
             Began as a Vine Stalker Enchanter on Apr 16, 2024.
             Was a Priest of Uskayaw.
             Slain by a yak (10 damage)
             ... summoned by a boggart
             ... on level 10 of the Dungeon.
             The game lasted 00:26:50 (6752 turns).

Autsider the Covert (Vine Stalker Enchanter)        Turns: 6752, Time: 00:26:50

Health: -2/52      AC:  9    Str: 10    XL:     11   Next: 6%
Magic:  0/16       EV: 13    Int: 15    God:    Uskayaw [***...]
Gold:   450        SH:  0    Dex: 26    Spells: 14/14 levels left

rFire   + . .        K - +2 short sword (venom)
rCold   + . .        (no shield)
rNeg    . . .        x - +1 leather armour {rC+}
rPois   .            (no helmet)
rElec   .            s - +2 cloak
rCorr   .            b - +0 pair of gloves
SInv    .            w - +0 pair of boots
Will    +....        E - amulet of magic regeneration
Stlth   ++++++       o - +6 ring of dexterity
HPRegen 1.08/turn    n - ring of protection from fire
MPRegen 0.55/turn

%: guardian spirit
@: no status effects
A: fangs 3, regeneration 1, magic shield, antimagic bite, no potion heal 2
a: Renounce Religion, Stomp, Line Pass


You were on level 10 of the Dungeon.
You worshipped Uskayaw.
Uskayaw was noncommittal.
You visited 2 branches of the dungeon, and saw 12 of its levels.

You collected 526 gold pieces.
You spent 76 gold pieces at shops.

Inventory:

Hand Weapons
 a - a +1 heavy dagger
 g - a +0 dagger of speed
 K - a +2 short sword of venom (weapon)
Missiles
 f - 5 darts of dispersal (quivered)
 M - a curare-tipped dart
Armour
 b - a +0 pair of gloves (worn)
 s - a +2 cloak (worn)
 w - a +0 pair of boots (worn)
 x - a +1 leather armour of cold resistance (worn)
 C - an orb of guile
 R - +0 swamp dragon scales
Jewellery
 k - a ring of protection from cold
 n - a ring of protection from fire (right hand)
 o - a +6 ring of dexterity (left hand)
 u - a ring of willpower
 A - a ring of fire
 E - an amulet of magic regeneration (around neck)
 O - a +6 ring of intelligence
Wands
 B - a wand of quicksilver (11)
 J - a wand of flame (22)
 L - a wand of iceblast (19)
Scrolls
 d - 4 scrolls of poison
 e - 2 scrolls of fog
 i - a scroll of summoning
 j - 2 scrolls of immolation
 m - a scroll of enchant armour
 y - 2 scrolls of teleportation {@r2}
 D - a scroll of fear
 F - a scroll of noise
 I - a scroll of revelation {unknown}
 Q - a scroll of silence {unknown}
Potions
 c - 3 potions of invisibility
 h - 3 potions of cancellation
 l - 2 potions of curing {@q1}
 p - a potion of haste {unknown}
 q - 3 potions of lignification {unknown}
 r - 2 potions of ambrosia {unknown}
 t - 2 potions of resistance {unknown}
 v - 2 potions of enlightenment {unknown}
 z - 2 potions of heal wounds {unknown}
 G - 2 potions of attraction {unknown}
 H - a potion of berserk rage {unknown}
 N - a potion of mutation {unknown}
 P - a potion of degeneration {unknown}
 S - a potion of brilliance {unknown}


   Skills:
 - Level 3.0 Fighting
 - Level 10.0 Short Blades
 - Level 4.0 Dodging
 + Level 12.7 Stealth
 - Level 2.1 Spellcasting
 - Level 3.0 Hexes
 + Level 6.0 Invocations


You had 14 spell levels left.
You didn't know any spells.
Your spell library contained the following spells:

 Spells                   Type           Power      Damage    Failure   Level
 Ensorcelled Hibernation  Hex/Ice        12%        N/A       24%         2
 Confusing Touch          Hex            10%        N/A       26%         3
 Sigil of Binding         Hex            10%        N/A       26%         3
 Tukima's Dance           Hex            10%        N/A       26%         3
 Apportation              Tloc           2%         N/A       30%         1
 Kiss of Death            Conj/Necr      4%         2d5       30%         1
 Necrotise                Necr           4%         1d4       30%         1
 Sting                    Conj/Alch      4%         1d3       30%         1
 Summon Small Mammal      Summ           4%         N/A       30%         1
 Mercury Vapours          Alch/Air       2%         N/A       41%         2
 Dazzling Flash           Conj/Hex       12%        N/A       43%         3
 Call Canine Familiar     Summ           1%         N/A       65%         3
 Dimensional Bullseye     Hex/Tloc       3%         N/A       85%         4
 Dispel Undead            Necr           1%         3d6       96%         4
 Olgreb's Toxic Radiance  Alch           1%         N/A       96%         4


Dungeon Overview and Level Annotations

Branches:
Dungeon (11/15)            Temple (1/1) D:6
   Lair: D:8-11         Orc: D:9-12

Altars:
Ashenzari
Cheibriados
Dithmenos
Elyvilon
Fedhas
Gozag
Hepliaklqana
Kikubaaqudgha
Makhleb
Nemelex Xobeh
Okawaru
Qazlal
Ru
Sif Muna
Trog
Uskayaw
Vehumet
Wu Jian
Xom
Yredelemnul
Zin
The Shining One
Lugonu

Shops:
D:1 *   D:3 *   D:6 *

Portals:
Abyss: D:8

Annotations:
D:7 exclusion: downstairs
D:8 2 runed translucent doors


Innate Abilities, Weirdness & Mutations

You have razor-sharp teeth.
Your natural rate of healing is unusually fast.
When hurt, damage is shared between your health and your magic reserves.
Your bite disrupts and absorbs the magic of your enemies.
Potions cannot restore your health.


Message History

You puncture the killer bee!
The killer bee is poisoned.
Your bite misses the killer bee.
The killer bee is heavily wounded.
You feel sick. The killer bee barely misses you.
You hit the killer bee. Your bite misses the killer bee.
The killer bee is severely wounded.
The killer bee stings you.
You puncture the killer bee!
You kill the killer bee!
You feel sick.
Uskayaw will force your foes to helplessly watch your dance.
Uskayaw prepares the audience for your solo!
Your Invocations skill increases to level 6!
The helpless killer bee fails to defend itself.
You skewer the killer bee like a kebab!!!!
You kill the killer bee! 2 two-headed ogres come into view.
You feel sick.
You feel sick.
You are no longer poisoned. 2 boggarts come into view.
The two-headed ogre shouts in stereo!
The boggart shouts!
The two-headed ogre hits you with a +0 giant club!!
* * * LOW HITPOINT WARNING * * *
The two-headed ogre hits you but does no damage.
The boggart casts a spell.
You hit the yak. You bite the yak. You drain its power.
The yak is moderately wounded.
The yak barely misses you.
The two-headed ogre attacks as it pursues you!
The two-headed ogre hits you with a +0 giant club!
* * * LOW HITPOINT WARNING * * *
The two-headed ogre misses you. The yak gores you!
* * * LOW HITPOINT WARNING * * *
The yak attacks as it pursues you! The yak gores you!
* * * LOW HITPOINT WARNING * * *
The yak attacks as it pursues you! The yak gores you!
You die...
Your body falls in perfect tune with the rhythm.

.........# #......#
##### #......#
####...# #....<.#
####....ß.# #......#
#....ß....###†###..#
..ß........##.# #..#
......gOY.....# #..#
.....gO.Y@....# #..#
........Y.....# #..#
..ß........#### #..#
#....ß....## #..#
####....ß.# ...#
####...# #..# #####
#..# #..#


You could see 2 two-headed ogres, 3 yaks and 2 boggarts.

Vanquished Creatures
  Pikel (D:7)
  An ugly thing (D:8)
  Jeremiah (D:6)
  Maggie (D:9)
  A hornet (D:8)
  4 yaks (D:9)
  4 wyverns
  A steam dragon (D:8)
  Edmund (D:4)
  Duvessa (D:7)
  A water moccasin (D:8)
  3 sky beasts
  2 orc warriors (D:9)
  2 ice beasts
  An ogre (D:7)
  2 centaurs (D:9)
  A phantom (D:7)
  A kobold brigand (D:8)
  6 bullfrogs
  3 scorpions
  5 wights (D:9)
  Dowan (D:7)
  12 killer bees
  3 howler monkeys
  3 bombardier beetles (D:5)
  4 hounds
  A gnoll bouda (D:3)
  5 orc priests
  2 jellies
  Crazy Yiuf (D:3)
  4 iguanas
  7 orc wizards
  9 gnolls
  8 adders
  A shadow imp (D:3)
  3 white imps
  3 dart slugs
  3 ribbon worms
  20 orcs
  5 bats
  7 endoplasms
  5 giant cockroaches
  7 goblins
  9 hobgoblins
  14 jackals
  8 kobolds
  5 quokkas
  12 ball pythons
  A frilled lizard (D:3)
  4 rats
210 creatures vanquished.

Notes
Turn   | Place    | Note
-------+----------+-------------------------------------------
     0 | D:1      | Autsider the Vine Stalker Enchanter began the quest for the
                  | Orb.
     0 | D:1      | Reached XP level 1. HP: 9/9 MP: 4/4
     6 | D:1      | Reached skill level 1 in Short Blades
    68 | D:1      | Reached XP level 2. HP: 10/14 MP: 0/6
    81 | D:1      | Reached skill level 4 in Stealth
   109 | D:1      | Reached skill level 1 in Fighting
   332 | D:1      | Reached XP level 3. HP: 18/18 MP: 7/7
   354 | D:1      | Found Daissa's General Store.
   362 | D:1      | Bought a scroll of identify for 24 gold pieces
   729 | D:2      | Found a faded altar of an unknown god.
   881 | D:2      | Reached XP level 4. HP: 18/23 MP: 6/8
  1354 | D:3      | Found Qibraatt's Assorted Antiques.
  1358 | D:3      | Bought a scroll labelled NIATWOK UHUYKK for 26 gold pieces
  1358 | D:3      | Bought a scroll labelled KAEDUMILEG for 26 gold pieces
  1554 | D:3      | Reached XP level 5. HP: 19/27 MP: 6/9
  1792 | D:3      | Found a runed translucent door.
  1793 | D:3      | Noticed Crazy Yiuf
  1800 | D:3      | Killed Crazy Yiuf
  1915 | D:4      | Found an iron altar of Okawaru.
  1928 | D:4      | Reached skill level 5 in Stealth
  1928 | D:4      | Reached XP level 6. HP: 32/32 MP: 10/10
  1940 | D:4      | Noticed an ice beast
  1966 | D:4      | Killed an ice beast
  2230 | D:4      | Noticed Edmund
  2278 | D:4      | Reached skill level 6 in Stealth
  2380 | D:4      | Killed Edmund
  2381 | D:4      | Reached XP level 7. HP: 26/36 MP: 8/11
  2604 | D:5      | Entered Level 5 of the Dungeon
  2790 | D:5      | Reached skill level 7 in Stealth
  3007 | D:5      | Reached skill level 5 in Short Blades
  3045 | D:5      | Gained mutation: You have razor-sharp teeth. [Vine Stalker
                  | growth]
  3045 | D:5      | Reached XP level 8. HP: 34/40 MP: 8/12
  3062 | D:5      | Reached skill level 8 in Stealth
  3710 | D:6      | Reached skill level 9 in Stealth
  3757 | D:6      | Found a staircase to the Ecumenical Temple.
  3773 | D:6      | Found Waasm's General Store.
  3779 | Temple   | Entered the Ecumenical Temple
  3791 | Temple   | Became a worshipper of Uskayaw the Reveller
  3816 | D:6      | Reached * piety under Uskayaw
  3845 | D:6      | Noticed Jeremiah
  3920 | D:6      | Reached ** piety under Uskayaw
  3922 | D:6      | Reached *** piety under Uskayaw
  3943 | D:6      | Reached **** piety under Uskayaw
  3990 | D:6      | Killed Jeremiah
  3991 | D:6      | Reached skill level 10 in Stealth
  3991 | D:6      | Reached XP level 9. HP: 44/44 MP: 13/13
  4544 | D:7      | Noticed Pikel
  4545 | D:7      | Killed Pikel
  4765 | D:7      | Noticed Duvessa
  4793 | D:7      | Noticed Dowan
  4810 | D:7      | Killed Dowan
  4813 | D:7      | Killed Duvessa
  5178 | D:8      | Noticed a hornet
  5194 | D:8      | Reached skill level 1 in Invocations
  5198 | D:8      | HP: 1/44 [hornet (12)]
  5205 | D:8      | Reached XP level 10. HP: 9/49 MP: 3/14
  5207 | D:8      | Noticed a red ugly thing
  5225 | D:7      | Reached skill level 10 in Short Blades
  5297 | D:8      | Found a large runed translucent door.
  5297 | D:8      | Found a large runed translucent door.
  5304 | D:8      | Noticed a brown ugly thing
  5305 | D:8      | Found a corrupted altar of Lugonu.
  5488 | D:8      | Killed a red ugly thing
  5653 | D:8      | Reached skill level 11 in Stealth
  5702 | D:8      | Found a one-way gate to the infinite horrors of the Abyss.
  5702 | D:8      | Identified the +5 dagger of Zake {distort, rC+ SInv}
  5702 | D:8      | Noticed a kobold demonologist
  5807 | D:9      | Reached ***** piety under Uskayaw
  6232 | D:9      | Reached skill level 12 in Stealth
  6238 | D:9      | Reached skill level 5 in Invocations
  6300 | D:9      | You fall into a shaft and drop 2 floors!
  6340 | D:10     | Entered Level 10 of the Dungeon
  6392 | D:9      | Noticed Maggie
  6397 | D:9      | Killed Maggie
  6398 | D:9      | Reached XP level 11. HP: 52/52 MP: 16/16
  6744 | D:10     | Noticed a two-headed ogre
  6744 | D:10     | Noticed a two-headed ogre
  6752 | D:10     | Slain by a yak

Illustrated notes

Levels and vault maps discovered:
D:1:      orjb1_lava_funnel, layout_loops_ring, serial_shops,
          nicolae_shop_crystal
D:2:      layout_loops_cross, shapermc_ecumenical_altar_mp_highgroup
D:3:      layout_rooms, serial_shops, nicolae_shop_behind_doors,
          uniq_crazy_yiuf_cottage
D:4:      layout_rooms, okawaru_ov_weapons_minmay, nicolae_grassy_gnolls,
          uniq_edmund
D:5:      layout_basic
D:6:      layout_cave_pods, minmay_temple_entry_glass, serial_shops,
          nicolae_shop_advertising_works [nicolae_subvault_shop_adworks],
          hangedman_decor_push, uniq_jeremiah
D:7:      layout_rooms, nicolae_hexahallways, uniq_duvessa, uniq_pikel
D:8:      due_chaos_kobolds, layout_cave_pools, chequers_serial_rivers_room_a
D:9:      layout_long_grid, uniq_maggie
D:10:     layout_long_grid, dpeg_lair_monsters, enter_trove_6,
          nicolae_phantomly_mirrored
D:11:     layout_loops_ring, orc_david_3
Temple:   mainiacjoe_temple_circle_huts

Skill      XL: |  1  2  3  4  5  6  7  8  9 10 11 |
---------------+----------------------------------+-----
Short Blades   | 1 2 3 4 5 7 9 10 | 10.0
Stealth        | 4 5 6 7 10 12 | 12.7
Fighting       | 1 2 3 |  3.0
Dodging        | 2 4 |  4.0
Invocations    | 1 5 6 |  6.0
Spellcasting   | |  2.1
Hexes          | |  3.0

Action                     |  1- 3 |  4- 6 |  7- 9 | 10-12 || total
---------------------------+-------+-------+-------+-------++-------
  Melee: Dagger            |   122 |   235 |   255 |       ||   612
         Bite              |    23 |    87 |   104 |    61 ||   275
         Short sword       |       |       |    31 |   170 ||   201
 Invoke: Stomp             |       |       |     2 |     1 ||     3
         Line Pass         |       |       |     3 |       ||     3
  Evoke: Wand              |       |       |     2 |     1 ||     3
    Use: Scroll            |     1 |     3 |     9 |     2 ||    15
         Potion            |       |       |       |     1 ||     1
   Stab: Sleeping          |     9 |    11 |    21 |    10 ||    51
         Paralysed         |       |       |     3 |     9 ||    12
         Confused          |       |       |     1 |       ||     1
 Armour: Robe              |    63 |    75 |       |       ||   138
         Leather armour    |       |       |   101 |    80 ||   181
  Dodge: Dodged            |    64 |    94 |    76 |    81 ||   315

Table legend: (Time is in decaauts)
 A = Elapsed time spent in this place.
 B = Non-inter-level travel time spent in this place.
 C = Inter-level travel time spent in this place.
 D = Time resting spent in this place.
 E = Time spent auto-exploring this place.
 F = Levels seen in this place.
 G = Mean time per level.
                   A        B        C        D        E       F      G
               +--------+--------+--------+--------+--------+-----+--------+
         Total |   6388 |   5980 |    408 |    156 |   4130 |  12 |  532.3 |
       Dungeon |   6363 |   5978 |    385 |    156 |   4130 |  11 |  578.5 |
        Temple |     24 |      1 |     23 |      0 |      0 |   1 |   24.0 |
               +--------+--------+--------+--------+--------+-----+--------+

Top non-repeatable levels by time:
     D:6: 917 daAuts
     D:5: 876 daAuts
     D:9: 834 daAuts
     D:2: 667 daAuts
     D:7: 644 daAuts
     D:1: 640 daAuts
     D:4: 639 daAuts
     D:3: 525 daAuts
     D:8: 516 daAuts
    D:11: 54 daAuts
    D:10: 47 daAuts
  Temple: 24 daAuts
